 Dungeon Crawl Stone Soup version 0.28-a0-983-g1de4e0787c (webtiles) character file.

Game seed: 4901501146983480738

146075 Decritt the Bludgeoner (level 17, -10/115 HPs)
             Began as a Gargoyle Fighter on Dec 3, 2021.
             Was a High Priest of Zin.
             Mangled by a naga (26 damage)
             ... on level 3 of the Snake Pit.
             The game lasted 01:02:17 (29581 turns).

Decritt the Bludgeoner (Gargoyle Fighter)          Turns: 29581, Time: 01:02:18

Health: -10/115    AC: 46    Str: 28    XL:     17   Next: 43%
Magic:  25/25      EV:  3    Int: 12    God:    Zin [*****.]
Gold:   951        SH: 20    Dex:  6    Spells: 16/16 levels left

rFire   + . .      SeeInvis .   A - +5 morningstar (flame)
rCold   . . .      Faith    .   b - +2 tower shield
rNeg    + . .      Spirit   .   U - +2 plate armour of the Spheres {+Blink Str+3 Dex-3}
rPois   ∞          Reflect  +   q - +0 helmet
rElec   +          Harm     .   N - +2 cloak
rCorr   +          Rampage  .   g - +2 pair of gloves
Will    ++++.                   d - +0 pair of boots of Jumeqoat {rC+}
Stlth   ..........              n - amulet of reflection
HPRegen 0.29/turn               f - +4 ring of protection
MPRegen 0.19/turn               u - ring of Facifapo {Fire Drain rElec Will+++ rCorr}

@: about to teleport, flying, constricted, studying Maces & Flails
A: sickness immunity, AC +12, big wings, negative energy resistance 1,
electricity resistance, torment resistance 1, petrification resistance
a: Renounce Religion, Evoke Blink, Recite, Vitalisation, Imprison, Sanctuary,
Donate Gold


You were on level 3 of the Snake Pit.
You worshipped Zin.
Zin was extremely pleased with you.
You visited 4 branches of the dungeon, and saw 21 of its levels.
You also visited: Sewer, Ossuary and Gauntlet.

You collected 1318 gold pieces.
You spent 282 gold pieces at shops.
You donated 85 gold pieces to Zin.

Inventory:

Hand Weapons
 A - a +5 morningstar of flaming (weapon)
Missiles
 p - 17 javelins
Armour
 b - a +2 tower shield (worn)
 d - the +0 pair of boots of Jumeqoat (worn) {rC+}
   (You acquired it on level 7 of the Dungeon)

   rC:        It protects you from cold.
 g - a +2 pair of gloves (worn)
 q - a +0 helmet (worn)
 y - a +0 pair of boots of rampaging
 L - a +2 plate armour of cold resistance
 N - a +2 cloak (worn)
 U - the +2 plate armour of the Spheres (worn) {+Blink Str+3 Dex-3}
   (You found it on level 6 of the Lair of Beasts)

   Str:       It affects your strength (+3).
   Dex:       It affects your dexterity (-3).
   +Blink:    It lets you blink.
Jewellery
 c - a ring of protection from fire
 f - a +4 ring of protection (left hand)
 h - an amulet of guardian spirit
 n - an amulet of reflection (around neck)
 u - the ring of Facifapo (right hand) {Fire Drain rElec Will+++ rCorr}
   (You found it in a Gauntlet)

   [ring of fire]

   It enhances your fire magic.
   rF:        It protects you from fire.
   rC:        It makes you vulnerable to cold.
   rElec:     It insulates you from electricity.
   rCorr:     It protects you from acid and corrosion.
   Drain:     It drains your maximum health when unequipped.
   Will:      It greatly increases your willpower.
 O - the ring "Mearuss" {rF+ Int+4}
   (You found it on level 2 of the Lair of Beasts)

   [ring of protection from fire]

   Int:       It affects your intelligence (+4).
   rF:        It protects you from fire.
Wands
 v - a wand of digging (9)
 w - a wand of iceblast (3)
 x - a wand of mindburst (18)
 D - a wand of paralysis (3)
 M - a wand of acid (13)
 P - a wand of flame (15)
Scrolls
 a - 2 scrolls of immolation
 e - 6 scrolls of fog
 o - 5 scrolls of summoning
 r - 5 scrolls of identify
 t - 3 scrolls of silence
 E - a scroll of fear
 H - 3 scrolls of teleportation
 I - 3 scrolls of enchant weapon
 R - 3 scrolls of magic mapping
 V - a scroll of blinking
Potions
 i - 2 potions of resistance
 l - 6 potions of might
 m - 13 potions of curing
 s - 7 potions of haste
 z - 4 potions of attraction
 B - 3 potions of berserk rage
 C - a potion of ambrosia
 G - 2 potions of mutation
 J - 5 potions of heal wounds
 K - 3 potions of cancellation
Miscellaneous
 S - a phantom mirror
 T - a phial of floods


   Skills:
 + Level 16.2 Fighting
 - Level 18.0 Maces & Flails
 + Level 14.6 Armour
 - Level 6.0 Dodging
 * Level 9.2 Shields
 * Level 11.5 Invocations


You had 16 spell levels left.
You didn't know any spells.
Your spell library contained the following spells:

 Spells                   Type           Power      Damage    Failure   Level
 Apportation              Tloc           0%         N/A       100%        1
 Beastly Appendage        Tmut           0%         N/A       100%        1
 Magic Dart               Conj           0%         1d3       100%        1
 Shock                    Conj/Air       0%         1d3       100%        1
 Call Imp                 Summ           0%         N/A       100%        2
 Searing Ray              Conj           0%         2d4       100%        2
 Wereblood                Tmut           0%         N/A       100%        2
 Conjure Flame            Conj/Fire      0%         6-21      100%        3
 Dazzling Flash           Conj/Hex       0%         N/A       100%        3
 Mephitic Cloud           Conj/Pois/Air  0%         N/A       100%        3
 Portal Projectile        Hex/Tloc       0%         N/A       100%        3
 Spider Form              Tmut/Pois      0%         N/A       100%        3
 Stone Arrow              Conj/Erth      0%         3d7       100%        3
 Animate Armour           Summ/Erth      0%         N/A       100%        4
 Fulminant Prism          Conj/Hex       0%         3d6       100%        4
 Iskenderun's Mystic Bla  Conj/Tloc      0%         2d3       100%        4
 Leda's Liquefaction      Hex/Erth       0%         N/A       100%        4
 Petrify                  Tmut/Erth      0%         N/A       100%        4
 Alistair's Intoxication  Tmut/Pois      0%         N/A       100%        5
 Blade Hands              Tmut           0%         N/A       100%        5
 Excruciating Wounds      Necr           0%         N/A       100%        5
 Fireball                 Conj/Fire      0%         3d3       100%        5
 Irradiate                Conj/Tmut      0%         3d14      100%        5
 Iskenderun's Battlesphe  Conj           0%         2d6       100%        5
 Lee's Rapid Deconstruct  Erth           0%         3d5*      100%        5
 Conjure Ball Lightning   Conj/Air       0%         3x3d6     100%        6
 Starburst                Conj/Fire      0%         6d3       100%        6
 Orb of Destruction       Conj           0%         N/A       100%        7
 Lehudib's Crystal Spear  Conj/Erth      0%         10d2      100%        8
 Sublimation of Blood     Necr           Unusable   N/A       N/A         2
 Statue Form              Tmut/Erth      Unusable   N/A       N/A         6

Dungeon Overview and Level Annotations

Branches:
Dungeon (11/15)            Temple (1/1) D:4            Lair (6/6) D:11
  Swamp (0/4) Lair:4        Snake (3/4) Lair:3        Slime (0/5) Lair:5
    Orc (0/2) D:9           Sewer (visited)         Ossuary (visited)
Gauntlet (visited)

Altars:
Ashenzari
Cheibriados
Dithmenos
Elyvilon
Fedhas
Gozag
Hepliaklqana
Kikubaaqudgha
Makhleb
Nemelex Xobeh
Okawaru
Qazlal
Ru
Sif Muna
Trog
Uskayaw
Vehumet
Wu Jian
Xom
Yredelemnul
Zin
The Shining One
Beogh

Shops:
D:4 [   D:9 ?   Snake:1 !*

Annotations:
Lair:2 2 transporters, Nesabuf's ghost, journeyman MiBe


Innate Abilities, Weirdness & Mutations

You are immune to sickness and miasma.
Your stone body is resilient. (AC +12)
You are immune to poison.
Your large and strong wings let you fly.
You resist negative energy. (rN+)
You are resistant to electric shocks. (rElec)
You are resistant to unholy torment.
You are immune to petrification.


Message History

The naga spits poison at you.
The splash of poison hits you but does no damage.
The naga barely misses you. The naga constricts you.
The naga hits you with a +0 long sword!
* * * LOW HITPOINT WARNING * * *
You block the naga mage's attack. The naga hits you but does no damage.
As you read the scroll of teleportation, it crumbles to dust.
You feel strangely unstable. You block the naga warrior's attack.
You block the naga mage's attack.
The naga warrior hits you with a +0 halberd.
* * * LOW HITPOINT WARNING * * *
The naga completely misses you. The naga spits poison at you.
The splash of poison hits you but does no damage.
You resist. The naga constricts you. The naga barely misses you.
The naga hits you but does no damage.
You puncture the naga warrior! You burn the naga warrior.
The naga warrior is lightly wounded.
The naga mage points at you and mumbles some strange words.
The bolt of poison hits the naga!
The naga is poisoned.
The bolt of poison hits you but does no damage.
You resist.
The bolt of poison hits the naga warrior.
You block the naga warrior's attack. x2
The naga hits you with a +0 long sword!!
* * * LOW HITPOINT WARNING * * *
The naga hits you with a +0 long sword.
* * * LOW HITPOINT WARNING * * *
The naga constricts you. You block the naga's attack.
The naga hits you but does no damage. The naga mage barely misses you.
You hear a shout!
You closely miss the naga warrior.
The naga warrior is lightly wounded.
You block the naga mage's attack. You block the naga warrior's attack.
The naga warrior hits you with a +0 halberd.
* * * LOW HITPOINT WARNING * * *
The naga hits you with a +0 long sword!!
* * * LOW HITPOINT WARNING * * *
The naga hits you with a +0 long sword!!
You die...

# $.###
.....######
#.........##
#.....)....#
..$...NNNN.#
.......#@N##
##....##NN#
#.N..# #.##
..### #.## .
##.## ##.##
#### ##.##
#... #..##
##.## ##..#
###.##


You could see 2 naga warriors, a naga mage (fast, strong) and 4 nagas.

Vanquished Creatures
  Gastronok (Lair:2)
  A minotaur (Gauntlet)
  Harold (D:7)
  A salamander tyrant (Snake:2)
  4 naga warriors
  9 hydras
  A hell beast (Gauntlet)
  A merfolk avatar (Lair:6)
  A centaur warrior (D:9)
  7 anacondas
  3 two-headed ogres
  10 death yaks (Lair:6)
  4 naga sharpshooters
  5 shock serpents
  2 salamander mystics (Snake:2)
  3 sea snakes (Lair:6)
  Pikel (D:3)
  A harpy (Lair:6)
  3 mana vipers (Snake:1)
  17 elephants
  A manticore (D:9)
  7 salamanders
  A wolf spider (Lair:1)
  15 black mambas
  2 guardian serpents
  12 naga magi
  2 torpor snails
  17 cane toads
  4 rime drakes
  Psyche (D:8)
  10 komodo dragons
  2 ice devils (Lair:3)
  2 hornets
  8 polar bears
  2 wind drakes (Lair:6)
  Prince Ribbit (D:8)
  2 snapping turtles (Lair:6)
  12 blink frogs
  2 slime creatures (Lair:5)
  2 dream sheep (Lair:4)
  Sigmund (D:4)
  9 flying skulls (Gauntlet)
  5 wyverns
  3 shadows (D:10)
  73 yaks
  5 basilisks
  2 wraiths (D:11)
  Eustachio (D:5)
  A steam dragon (Lair:6)
  22 water moccasins
  2 hell hounds (Gauntlet)
  An acid dragon (D:9)
  30 nagas
  8 black bears
  2 sky beasts
  2 hornet zombies
  4 necrophages (Lair:3)
  An ogre (D:5)
  31 wolves
  A lemure (D:3)
  5 centaurs
  3 kobold brigands
  2 phantoms (D:5)
  A wyvern zombie (Ossuary)
  18 bullfrogs
  A scorpion (D:6)
  2 water moccasin zombies (Ossuary)
  2 water moccasin skeletons
  5 wights
  4 killer bees (D:7)
  3 electric eels
  6 howler monkeys
  A lava snake (Lair:4)
  7 centaur zombies
  6 bullfrog zombies
  3 bullfrog skeletons
  A centaur skeleton (D:7)
  2 hounds
  7 orc priests
  3 jellies
  2 iguanas
  9 hell rats
  8 orc wizards
  3 killer bee zombies
  17 mummies (Ossuary)
  3 howler monkey zombies
  3 gnolls (D:8)
  6 adders
  2 river rats (Sewer)
  A shadow imp (D:8)
  2 white imps
  2 ufetubi
  2 worms
  3 dart slugs (D:1)
  48 orcs
  4 endoplasms
  3 giant cockroaches
  5 goblins
  7 hobgoblins
  2 jackals (Sewer)
  8 quokkas
  16 ball pythons
  3 bats (D:1)
  3 frilled lizards
  26 kobolds
  9 rats
664 creatures vanquished.

Vanquished Creatures (others)
  A bush (Lair:6)
  52 fungi
  98 plants
  8 withered plants
159 creatures vanquished.

Grand Total: 823 creatures vanquished

Notes
Turn   | Place    | Note
-------+----------+-------------------------------------------
     0 | D:1      | Decritt the Gargoyle Fighter began the quest for the Orb.
     0 | D:1      | Reached XP level 1. HP: 14/14 MP: 1/1
   184 | D:1      | Reached XP level 2. HP: 10/19 MP: 2/2
   633 | D:1      | Found a faded altar of an unknown god.
   750 | D:1      | Reached XP level 3. HP: 24/24 MP: 3/3
  1707 | D:2      | Reached XP level 4. HP: 28/30 MP: 4/4
  2010 | D:3      | Found a glowing drain.
  2026 | Sewer    | Entered a sewer
  2128 | Sewer    | Noticed a kobold brigand
  2186 | Sewer    | Killed a kobold brigand
  2187 | Sewer    | Reached skill level 5 in Fighting
  2187 | Sewer    | Reached skill level 3 in Maces & Flails
  2187 | Sewer    | Reached XP level 5. HP: 17/35 MP: 5/5
  2385 | Sewer    | Found a white marble altar of Elyvilon.
  2398 | Sewer    | Became a worshipper of Elyvilon the Healer
  3016 | D:3      | Reached * piety under Elyvilon
  3433 | D:3      | Reached XP level 6. HP: 26/40 MP: 6/6
  3820 | D:4      | Noticed Pikel
  3983 | D:3      | Killed Pikel
  3984 | D:3      | Reached skill level 5 in Maces & Flails
  3984 | D:3      | Reached skill level 5 in Armour
  3984 | D:3      | Reached XP level 7. HP: 26/47 MP: 7/7
  4295 | D:4      | Found a glowing golden altar of the Shining One.
  4581 | D:4      | Found a staircase to the Ecumenical Temple.
  4590 | Temple   | Entered the Ecumenical Temple
  4731 | D:4      | Found an ornate altar of the Wu Jian Council.
  4914 | D:4      | Noticed Sigmund
  4940 | D:4      | Killed Sigmund
  4941 | D:4      | Reached XP level 8. HP: 40/52 MP: 8/8
  5165 | D:4      | Reached skill level 6 in Maces & Flails
  5313 | D:4      | Found Astroaga's Armour Shoppe.
  5323 | D:4      | Bought a +0 pair of boots of rampaging for 115 gold pieces
  5409 | D:4      | Found a stormy altar of Qazlal.
  5410 | D:4      | Reached ** piety under Elyvilon
  5411 | D:4      | Noticed a water elemental
  5412 | D:4      | Noticed an air elemental
  5708 | D:5      | Entered Level 5 of the Dungeon
  5717 | D:5      | Found a broken altar of Ashenzari.
  6155 | D:5      | Noticed Eustachio
  6206 | D:5      | Killed Eustachio
  6457 | D:5      | Reached skill level 1 in Dodging
  6596 | D:5      | Reached skill level 7 in Maces & Flails
  6816 | D:5      | Reached XP level 9. HP: 57/59 MP: 9/9
  7448 | D:6      | Reached *** piety under Elyvilon
  7495 | D:6      | Found a radiant altar of Vehumet.
  7842 | D:6      | Reached skill level 8 in Maces & Flails
  7930 | D:6      | Found an iron altar of Okawaru.
  8165 | D:6      | Found a hazy altar of Hepliaklqana.
  8239 | D:7      | Found a bloodstained altar of Trog.
  8625 | D:7      | Reached **** piety under Elyvilon
  8648 | D:7      | Reached XP level 10. HP: 64/66 MP: 10/10
  8777 | D:7      | Found a sand-covered staircase.
  8785 | Ossuary  | Entered an ossuary
  8896 | Ossuary  | Reached skill level 9 in Maces & Flails
  9160 | Ossuary  | Reached skill level 1 in Invocations
  9193 | Ossuary  | Reached skill level 10 in Fighting
  9340 | D:7      | Noticed Harold
  9357 | D:7      | Killed Harold
  9834 | D:7      | Identified a scroll of acquirement
  9834 | D:7      | Acquired the +0 pair of boots of Jumeqoat {rC+}
  9930 | D:8      | Noticed Prince Ribbit
  9946 | D:8      | Killed Prince Ribbit
  9975 | D:8      | Identified the +2 robe of Lies {rF+}
 10363 | D:8      | Reached skill level 13 in Maces & Flails
 10363 | D:8      | Reached XP level 11. HP: 69/73 MP: 12/12
 10364 | D:8      | Reached skill level 15 in Maces & Flails
 10364 | D:8      | Reached XP level 12. HP: 74/78 MP: 13/13
 10472 | D:8      | Noticed a two-headed ogre
 10477 | D:8      | Killed a two-headed ogre
 10711 | D:8      | Found an opulent altar of Gozag.
 10733 | D:8      | Reached ***** piety under Elyvilon
 10957 | D:8      | Noticed Psyche
 10975 | D:8      | Killed Psyche
 11497 | D:9      | Noticed a centaur warrior
 11589 | D:9      | Killed a centaur warrior
 11802 | D:9      | Noticed a two-headed ogre
 11813 | D:9      | Killed a two-headed ogre
 11814 | D:9      | Reached XP level 13. HP: 46/84 MP: 15/15
 12091 | D:9      | Found a shadowy altar of Dithmenos.
 12115 | D:9      | Found a staircase to the Orcish Mines.
 12314 | D:9      | Reached skill level 5 in Shields
 12574 | D:9      | Found a snail-covered altar of Cheibriados.
 12908 | D:9      | Found Caxuim's Magic Scroll Emporium.
 13102 | D:10     | Entered Level 10 of the Dungeon
 14334 | D:11     | Reached skill level 16 in Maces & Flails
 14513 | D:11     | Identified the +1 chain mail of Pan-Flutes {Rampage Slay-3
                  | SInv}
 14522 | D:11     | Found a staircase to the Lair.
 14625 | D:11     | Reached ****** piety under Elyvilon
 15069 | Lair:1   | Entered Level 1 of the Lair of Beasts
 15953 | Lair:1   | Reached skill level 5 in Invocations
 16199 | Lair:2   | Noticed Gastronok
 16216 | Lair:2   | Killed Gastronok
 16272 | Lair:2   | Identified the ring "Mearuss" {rF+ Int+4}
 16564 | Lair:2   | Found a transporter.
 16572 | Lair:2   | Noticed Nesabuf's ghost (journeyman MiBe)
 16665 | Lair:2   | Acquired a manual of Maces & Flails
 17086 | Lair:2   | Found a transporter.
 17130 | Lair:2   | Gained mutation: Your large and strong wings let you fly.
                  | [Gargoyle growth]
 17130 | Lair:2   | Reached XP level 14. HP: 92/92 MP: 18/18
 17666 | Lair:3   | Found a staircase to the Snake Pit.
 17676 | Lair:3   | Found a gate leading to a gauntlet.
 17695 | Lair:3   | Reached skill level 5 in Dodging
 17702 | Gauntlet | Entered a Gauntlet
 17702 | Gauntlet | Found a transporter.
 17702 | Gauntlet | Found a transporter.
 17740 | Gauntlet | Found a transporter.
 17750 | Gauntlet | Found a transporter.
 17756 | Gauntlet | Found a transporter.
 17778 | Gauntlet | Found a transporter.
 17780 | Gauntlet | Found a transporter.
 17817 | Gauntlet | Found a transporter.
 17828 | Gauntlet | Found a transporter.
 17843 | Gauntlet | Found a transporter.
 17859 | Gauntlet | Found a transporter.
 17868 | Gauntlet | Found a transporter.
 17958 | Gauntlet | Reached skill level 10 in Armour
 18117 | Gauntlet | Identified the ring of Facifapo {Fire Drain rElec Will+++
                  | rCorr}
 19319 | Lair:3   | Got Sif Muna's Grimoire of Harmful Transmigration
 19531 | Lair:4   | Found a staircase to the Swamp.
 20993 | Lair:5   | Found a staircase to the Slime Pits.
 22346 | Lair:6   | Entered Level 6 of the Lair of Beasts
 22387 | Lair:6   | Reached skill level 17 in Maces & Flails
 22538 | Lair:6   | Reached XP level 15. HP: 86/101 MP: 21/21
 22918 | Lair:6   | Reached skill level 15 in Fighting
 23803 | Lair:6   | Identified the +2 plate armour of the Spheres {+Blink Str+3
                  | Dex-3}
 23859 | Lair:6   | Reached XP level 16. HP: 86/108 MP: 23/23
 24830 | Temple   | Fell from the grace of Elyvilon
 24830 | Temple   | Became a worshipper of Zin the Law-Giver
 24830 | Temple   | Reached * piety under Zin
 24830 | Temple   | Reached ** piety under Zin
 24830 | Temple   | Reached *** piety under Zin
 24830 | Temple   | Reached **** piety under Zin
 24830 | Temple   | Reached ***** piety under Zin
 24907 | D:9      | Bought a scroll of blinking for 82 gold pieces
 24999 | Snake:1  | Entered Level 1 of the Snake Pit
 25302 | Snake:1  | Reached skill level 10 in Invocations
 25590 | Snake:1  | Reached skill level 18 in Maces & Flails
 25941 | Snake:1  | Found Pesan's General Store.
 25946 | Snake:1  | Found Cygeent's Distillery.
 25949 | Snake:1  | Bought a potion of heal wounds for 85 gold pieces
 26246 | Snake:1  | Reached XP level 17. HP: 68/115 MP: 24/24
 29581 | Snake:3  | Mangled by a naga

Illustrated notes

Levels and vault maps discovered:
D:1:      dpeg_arrival_simpleton_c, layout_basic,
          shapermc_ecumenical_altar_flowoftime
D:2:      layout_loops_ring, minmay_hedge_maze, minivault_11,
          kennysheep_generic_room_10
D:3:      layout_basic, portal_sewer_entry_f, hangedman_decor_growths,
          patterned_corridor
D:4:      layout_basic, mainiacjoe_overflow_catwalk,
          nicolae_qazlal_style_of_elements, lemuel_round_altar,
          minmay_temple_entry_slanted, serial_shops, shop, uniq_sigmund,
          uniq_pikel
D:5:      minmay_recursive_quarters, layout_rooms, mainiacjoe_overflow_brackets,
          corner_web_ring, corexii_corridor_pit, uniq_eustachio
D:6:      layout_gridville, mainiacjoe_overflow_alcove_1,
          overflow_temple_1_default, nicolae_hepliaklqana_hippocampus
D:7:      minmay_inner_zag, layout_gridville, old_standard_altar,
          nicolae_ossuary_entry_plus, minmay_misc_feat_plants, uniq_harold
D:8:      layout_layer_cave, mainiacjoe_overflow_chevrons, st_stairs_2,
          minmay_strange_pillars, uniq_prince_ribbit1, uniq_psyche
D:9:      layout_stronghold, old_standard_altar, cheibriados_altar_1,
          minmay_orc_entry_temple_small, serial_shops, shop,
          minmay_misc_feat_diagonals, lightli_fourway_metalbox
D:10:     layout_irregular_city
D:11:     layout_irregular_city, minmay_lair_entry_grove, serial_rivers,
          chequers_serial_rivers_micro_a, chequers_serial_rivers_marsh,
          chequers_serial_rivers_room_b, chequers_serial_rivers_marsh,
          chequers_serial_rivers_micro_d, chequers_serial_rivers_micro_d
Temple:   jpeg_temple_clearing
Lair:1:   layout_loops_ring, nicolae_lair_run_with_the_wolves,
          grunt_megastairs_5, lemuel_fruit_tree
Lair:2:   layout_long_grid, gammafunk_ghost_hive, beast_lair_carwin_1,
          uniq_gastronok
Lair:3:   layout_chaotic_city, guppyfry_snake_entry_island,
          gauntlet_entry_generic, portal_ice_cave_demonic_guard,
          roderic_carrion_pond
Lair:4:   layout_gridlike, swamp_mist_pool, grunt_megastairs_3
Lair:5:   layout_cave_pods, minmay_slime_entry_pillars, grunt_megastairs_1
Lair:6:   gammafunk_lair_ancient_temple, layout_layer_cave,
          hangedman_lair_unloving_vines
Snake:1:  layout_layer_cave, minmay_shop_star
Snake:2:  layout_misc_corridors
Snake:3:  layout_layer_cave

Skill      XL: |  1  2  3  4  5  6  7  8  9 10 11 12 13 14 15 16 17 |
---------------+----------------------------------------------------+-----
Fighting       | 4 5 6 7 9 10 11 12 14 15 16 | 16.2
Armour         | 4 5 6 7 8 9 11 14 | 14.6
Maces & Flails | 3 5 7 8 13 15 16 17 18 | 18.0
Dodging        | 1 3 4 5 6 |  6.0
Invocations    | 2 3 5 8 9 10 11 | 11.5
Shields        | 4 6 7 9 |  9.2

Action                   |  1- 3 |  4- 6 |  7- 9 | 10-12 | 13-15 | 16-18 || total
-------------------------+-------+-------+-------+-------+-------+-------++-------
Melee: Flail             |   156 |    70 |       |       |       |       ||   226
       Whip              |       |    81 |   168 |       |       |       ||   249
       Morningstar       |       |       |   191 |   298 |  1375 |   445 ||  2309
Throw: Dart              |    17 |    41 |   116 |    16 |       |       ||   190
       Javelin           |       |       |     6 |       |       |     3 ||     9
       Boomerang         |       |       |       |       |   100 |   102 ||   202
Invok: Recite            |       |       |       |       |       |     1 ||     1
 Abil: Evoke Blink       |       |       |       |       |       |     1 ||     1
  Use: Potion            |       |     1 |     2 |     2 |     1 |       ||     6
       Scroll            |       |       |    13 |    14 |     8 |     2 ||    37
Armor: Scale mail        |    63 |       |       |       |       |       ||    63
       Chain mail        |    32 |    93 |   290 |   149 |   333 |       ||   897
       Plate armour      |       |       |       |       |   609 |   331 ||   940
Dodge: Dodged            |    71 |    63 |   204 |   140 |   510 |   119 ||  1107
Block: Buckler           |    35 |    16 |    88 |    51 |   421 |    76 ||   687
       Tower shield      |       |       |       |       |       |   470 ||   470
       Reflection        |       |       |       |       |       |    44 ||    44

Table legend: (Time is in decaauts)
 A = Elapsed time spent in this place.
 B = Non-inter-level travel time spent in this place.
 C = Inter-level travel time spent in this place.
 D = Time resting spent in this place.
 E = Time spent auto-exploring this place.
 F = Levels seen in this place.
 G = Mean time per level.
                   A        B        C        D        E       F      G
               +--------+--------+--------+--------+--------+-----+--------+
         Total |  29418 |  28510 |    908 |   5005 |  17761 |  24 | 1225.8 |
       Dungeon |  14151 |  13688 |    463 |   1912 |   9571 |  11 | 1286.5 |
        Temple |    147 |    102 |     45 |      0 |     63 |   1 |  147.0 |
          Lair |   8818 |   8461 |    357 |   1261 |   5398 |   6 | 1469.7 |
     Snake Pit |   4602 |   4560 |     42 |   1643 |   2035 |   3 | 1534.0 |
         Sewer |    558 |    558 |      0 |     27 |    366 |   1 |  558.0 |
       Ossuary |    561 |    561 |      0 |      0 |    303 |   1 |  561.0 |
      Gauntlet |    578 |    578 |      0 |    162 |     25 |   1 |  578.0 |
               +--------+--------+--------+--------+--------+-----+--------+

Top non-repeatable levels by time:
 Snake:1: 2767 daAuts
  Lair:6: 2207 daAuts
     D:9: 1775 daAuts
     D:3: 1768 daAuts
  Lair:4: 1606 daAuts
  Lair:2: 1449 daAuts
     D:8: 1439 daAuts
 Snake:2: 1431 daAuts
  Lair:1: 1426 daAuts
     D:6: 1407 daAuts
     D:4: 1392 daAuts
    D:10: 1182 daAuts
     D:7: 1159 daAuts
     D:5: 1137 daAuts
  Lair:3: 1123 daAuts
